 Dungeon Crawl Stone Soup version 0.23.2-1-ga50397a6bc (webtiles) character file.

Game seed: 11881229892363049277

459 Gargoyl the Skirmisher (level 6, -3/52 HPs)
             Began as a Centaur Abyssal Knight on Apr 20, 2019.
             Was a Believer of Lugonu.
             Slain by an iguana (10 damage)
             ... on level 3 of the Dungeon.
             The game lasted 00:08:11 (5864 turns).

Gargoyl the Skirmisher (Centaur Abyssal Knight)     Turns: 5864, Time: 00:08:11

Health: -3/52      AC:  8    Str: 14      XL:     6   Next: 78%
Magic:  8/8        EV:  4    Int: 10 (11) God:    Lugonu [**....]
Gold:   87         SH:  0    Dex:  8 (11) Spells: 5/5 levels left

rFire    . . .     SeeInvis .   a - +1 hand axe
rCold    . . .     Gourm    .   (no shield)
rNeg     . . .     Faith    .   f - +0 chain mail
rPois    +         Spirit   .   (no helmet)
rElec    .         Reflect  .   (no cloak)
rCorr    .         Harm     .   (no gloves)
MR       +....                  (no barding)
Stlth    ..........             (no amulet)
HPRegen  0.17/turn              d - ring of protection from magic
MPRegen  0.11/turn              e - ring of flight

@: drained, very quick
A: large, hooves 3, deformed body, speed 2, poison resistance, tough skin 3,
MP-powered wands
a: Depart the Abyss, Bend Space, Renounce Religion, Evoke Flight


You were on level 3 of the Dungeon.
You worshipped Lugonu.
Lugonu was pleased with you.
You were not hungry.

You visited 1 branch of the dungeon, and saw 4 of its levels.
You visited the Abyss 1 time.

You collected 87 gold pieces.

Inventory:

Hand Weapons
 a - a +1 hand axe (weapon)
 g - a +0 war axe
Armour
 f - a +0 chain mail (worn)
Jewellery
 d - a ring of protection from magic (left hand)
 e - a ring of flight (right hand)
Wands
 o - a wand of digging (5)
Scrolls
 b - a scroll of enchant armour {unknown}
 i - a scroll of amnesia
 k - 2 scrolls of identify
 n - a scroll of remove curse
Comestibles
 h - a ration


   Skills:
 + Level 4.0(3.3) Fighting
 + Level 3.3(2.7) Axes
 * Level 3.5(2.8) Armour
 * Level 1.8(1.2) Dodging
 * Level 3.5(2.8) Invocations


You had 5 spell levels left.
You didn't know any spells.
Your spell library was empty.

Dungeon Overview and Level Annotations

Branches:
Dungeon (4/15)
 Temple: D:4-7

Altars:
Gozag
Hepliaklqana
Nemelex Xobeh


Innate Abilities, Weirdness & Mutations

You have hooves in place of feet.
Armour fits poorly on your strangely shaped body.
You cover ground very quickly.
You have extremely tough skin. (AC +3)
Your system is resistant to poisons. (rPois)
You expend magic power (3 MP) to strengthen your wands.


Message History

There is a stone staircase leading down here.
You start resting.
The iguana is too close now for your liking.
You hit the iguana but do no damage. The iguana bites you!
The iguana bites you.
You closely miss the iguana. The iguana bites you.
You barely miss the iguana. The iguana bites you!
You closely miss the iguana. Your kick misses the iguana.
The iguana barely misses you.
You closely miss the iguana. The iguana bites you.
You hit the iguana but do no damage. Your kick misses the iguana.
The iguana bites you!
* * * LOW HITPOINT WARNING * * *
Your chain mail prevents you from hitting the iguana.
You kick the iguana, but do no damage.
The iguana bites you but does no damage.
You barely miss the iguana. Your kick misses the iguana. The iguana bites you!
* * * LOW HITPOINT WARNING * * *
The iguana bites you!
You die...

#.# #.#.#.#[...#.########### #.#
#.#.#.#........(..(...)# ###.#
#.#.#.######.#########.#
..#.######.#.#........#.........#
................>######.#########
.................................
.....##..#.#####.#####.##########
......#.......................#
......#.#.######@####...#####.#
......#.#..# #l##.....# #.###
......#+##+#####.##.##..#####....
.####............##.##.....######
.# #............##.#........#
.####............##.######.#.#
...........................#.#
######............#.########.#
....#...#....###..#.# #.#


You could see an iguana.

Vanquished Creatures
  A howler monkey (D:4)
  2 orc priests
  5 orc wizards (D:4)
  Terence (D:3)
  A worker ant (D:3)
  6 adders
  4 gnolls
  An ooze (D:3)
  A worm (D:3)
  2 dart slugs
  4 leopard geckos
  8 orcs
  2 giant cockroaches (D:1)
  4 goblins
  5 hobgoblins
  8 jackals
  2 quokkas (D:3)
  7 bats
  6 frilled lizards
  6 kobolds
  10 rats
86 creatures vanquished.

Notes
Turn   | Place    | Note
-------+----------+-------------------------------------------
     0 | Abyss:1  | Gargoyl the Centaur Abyssal Knight began the quest for the
                  | Orb.
     0 | Abyss:1  | Reached XP level 1. HP: 19/19 MP: 2/2
    32 | Abyss:2  | Noticed a demonic crawler
    56 | Abyss:2  | Noticed a small abomination
    62 | D:1      | Escaped the Abyss
   232 | D:1      | Reached * piety under Lugonu
   427 | D:1      | Reached XP level 2. HP: 22/26 MP: 3/3
  1234 | D:1      | Reached skill level 1 in Dodging
  1234 | D:1      | Reached XP level 3. HP: 11/31 MP: 4/4
  1498 | D:2      | HP: 1/31 [gnoll/+0 spear (2)]
  2065 | D:2      | Reached XP level 4. HP: 39/39 MP: 5/5
  2334 | D:2      | Found a sparkling altar of Nemelex Xobeh.
  2783 | D:3      | Noticed Terence
  2815 | D:3      | Killed Terence
  2815 | D:3      | Reached ** piety under Lugonu
  3093 | D:3      | HP: 2/40 [rat (2)]
  3523 | D:3      | Reached XP level 5. HP: 37/46 MP: 7/7
  4462 | D:3      | Found a hazy altar of Hepliaklqana.
  4650 | D:4      | Found an opulent altar of Gozag.
  5069 | D:2      | Gained mutation: You expend magic power (3 MP) to
                  | strengthen your wands. [potion of mutation]
  5069 | D:2      | Gained mutation: You tend to lose your temper in combat.
                  | [potion of mutation]
  5069 | D:2      | Gained mutation: Your system is resistant to poisons.
                  | (rPois) [potion of mutation]
  5069 | D:2      | Lost mutation: You tend to lose your temper in combat.
                  | [potion of mutation]
  5344 | D:4      | Noticed an ogre
  5480 | D:4      | Got a slimy ring mail
  5491 | D:4      | Identified the +1 ring mail "Migg" {MR+ rCorr Str-4} (You
                  | found it on level 4 of the Dungeon)
  5521 | D:4      | Reached XP level 6. HP: 30/52 MP: 8/8
  5589 | D:4      | Reached skill level 4 in Fighting
  5864 | D:3      | Slain by an iguana

Skill      XL: |  1  2  3  4  5  6 |
---------------+-------------------+-----
Axes           | 2 3 |  3.3
Dodging        | 1 |  1.8
Armour         | 2 3 |  3.5
Invocations    | 3 |  3.5
Fighting       | 4 |  4.0

Action                   |  1- 3 |  4- 6 || total
-------------------------+-------+-------++-------
Melee: Hand axe          |    81 |   250 ||   331
       Kick              |    19 |    44 ||    63
Invok: Depart the Abyss  |     1 |       ||     1
  Use: Scroll            |     5 |     2 ||     7
       Potion            |       |     8 ||     8
  Eat: Ration            |     1 |     1 ||     2
       Chunk             |       |     7 ||     7
Armor: Robe              |     3 |       ||     3
       Leather armour    |     2 |       ||     2
       Ring mail         |    26 |    92 ||   118
       Chain mail        |       |    35 ||    35
Dodge: Dodged            |    39 |   138 ||   177
